 Dungeon Crawl Stone Soup version 0.30-a0-760-g5a9884bb7c (webtiles) character file.

Game seed: 16254404476759492035

21 kae the Ruffian (level 2, 0/25 HPs)
             Began as a Naga Transmuter on Feb 10, 2023.
             Slain by a goblin
             ... wielding a +0 spear
              (5 damage)
             ... on level 2 of the Dungeon.
             The game lasted 00:00:36 (997 turns).

kae the Ruffian (Naga Transmuter)                    Turns: 997, Time: 00:00:37

Health: 0/25       AC:  2    Str: 12    XL:     2   Next: 87%
Magic:  5/5        EV:  9    Int: 13    God:
Gold:   54         SH:  0    Dex: 11    Spells: 2/5 levels left

rFire   . . .      SeeInvis +      - Unarmed
rCold   . . .      Faith    .    (no shield)
rNeg    . . .      Spirit   .    a - +1 robe
rPois   +          Reflect  .    (no helmet)
rElec   .          Harm     .    (no cloak)
rCorr   .          Rampage  .    (no gloves)
Will    .....                    (no barding)
Stlth   +                        (no amulet)
HPRegen 0.24/turn                (no ring)
MPRegen 0.09/turn                (no ring)

@: very slow
A: AC +0, large, see invisible, deformed body, poison resistance, slowness 2,
spit poison 1, naga tail 1
a: Spit Poison


You were on level 2 of the Dungeon.
You visited 1 branch of the dungeon, and saw 2 of its levels.

You collected 54 gold pieces.


Innate Abilities, Weirdness & Mutations

Your serpentine skin is tough. (AC +0)
You have supernaturally acute eyesight. (SInv)
Armour fits poorly on your strangely shaped body.
Your system is resistant to poisons. (rPois)
You cover ground very slowly.
You can spit poison.
You have a snake-like lower body.


   Skills:
 - Level 1.0 Fighting
 - Level 1.5 Dodging
 + Level 3.2 Unarmed Combat
 + Level 2.3 Spellcasting
 * Level 2.7 Transmutations


You had 2 spell levels left.
You knew the following spells:

 Your Spells              Type           Power      Damage    Failure   Level
a - Beastly Appendage     Tmut           16%        N/A       9%          1
b - Wereblood             Tmut           8%         N/A       12%         2

Your spell library contained the following spells:

 Spells                   Type           Power      Damage    Failure   Level
 Passwall                 Tmut/Erth      4%         N/A       22%         2
 Magic Dart               Conj           4%         1d3       26%         1
 Ensorcelled Hibernation  Hex/Ice        2%         N/A       36%         2
 Searing Ray              Conj           2%         2d4       36%         2
 Spider Form              Tmut/Pois      5%         N/A       38%         3
 Swiftness                Air            1%         N/A       58%         3
 Vhi's Electric Charge    Tloc/Air       2%         N/A       58%         3
 Ice Form                 Ice/Tmut       5%         N/A       80%         4
 Fulminant Prism          Conj/Hex       0%         3d5       94%         4
 Arcjolt                  Conj/Air       0%         1d10      100%        5
 Maxwell's Capacitive Co  Air            0%         ∞         100%        8

Inventory:

Missiles
 c - 2 throwing nets {=f!f}
 j - 11 stones
Armour
 a - a +1 robe (worn)
Scrolls
 e - a scroll of identify {@r1}
Potions
 b - a potion of lignification {!q}
 d - a potion of curing {@q1}
 g - a potion of mutation {!q}
 h - a potion of resistance

Dungeon Overview and Level Annotations

Branches:
Dungeon (2/15) Zot: 10681

Altars:

Annotations:
D:2 Robin # # .......# # ......# # [..g.. # .... # ggg#

# #gg#
#.#####gg#
#.....@..#
#######g## #.#
#############.#
#.......))....#
#.#############
#.# ## #.# .#
#.#


You could see Robin, 2 hobgoblins and 5 goblins.


Message History

A rat is nearby!
Casting: Beastly Appendage (safe; 9% risk of failure)
Confirm with . or Enter, or press ? or * to list all spells.
You grow a pair of large bovine horns.
The rat bites you. 😕 HP[-1] MP[-1]
You take 1 damage, and now have 24/25 hp.
You lost 1 mp, and now have 4/5 mp.
You hit the rat but do no damage. The rat barely misses you.
You closely miss the rat. The rat bites you. 😕 HP[-1]
You take 1 damage, and now have 23/25 hp.
A rat is nearby!
You barely miss the rat. You closely miss the rat. You headbutt the rat.
You kill the rat!
Your transformation is almost over.
Your horns disappear.
Found a stone staircase leading down. 😎 HP[+2] MP[+1]
Your hp is fully restored (25).
Your mp is fully restored (5).
You now have 54 gold pieces (gained 10).
A goblin comes into view. It is wielding a +0 club.
The goblin shouts!
You hear a shout! x3
A goblin is nearby!
A goblin is nearby!
A goblin is nearby!
A goblin and a hobgoblin come into view.
The goblin shouts!
The hobgoblin shouts!
You hear a shout!
Casting: Beastly Appendage (safe; 9% risk of failure)
Confirm with . or Enter, or press ? or * to list all spells.
You grow a pair of large bovine horns.
The goblin hits you with a +0 club.
The goblin hits you with a +0 club. 😕 HP[-4] MP[-1]
You take 4 damage, and now have 21/25 hp.
You lost 1 mp, and now have 4/5 mp.
You barely miss the goblin. You headbutt the goblin.
The goblin hits you but does no damage.
You barely miss the goblin. The goblin misses you.
There are monsters nearby!
You hit the goblin.
You kill the goblin!
You hit the hobgoblin but do no damage.
The hobgoblin closely misses you. 😕 HP[+1]
There are monsters nearby!
Unknown command.
You hit the hobgoblin. You headbutt the hobgoblin.
You kill the hobgoblin!
The goblin unwields a +0 dagger.
The goblin wields a +0 sling.
The goblin shoots a sling bullet.
The sling bullet misses you.
Your transformation is almost over.
The goblin unwields a +0 sling.
The goblin wields a +0 dagger.
The goblin hits you with a +0 dagger.
Things that are here:
a +0 club; a goblin corpse; 😕 HP[-3]
You take 3 damage, and now have 19/25 hp.
A goblin is nearby!
You hit the goblin.
You kill the goblin!
No target in view!
Things that are here:
a +0 dagger; a +0 sling; a goblin corpse Your horns disappear.
A goblin comes into view.
It is wielding a +0 club. 😎 HP[+6] MP[+1]
Your hp is fully restored (25).
Your mp is fully restored (5).
The goblin shouts!
You hear a shout! x3
A hobgoblin comes into view. It is wielding a +0 club.
A hobgoblin comes into view.
The goblin unwields a +0 club.
The goblin wields a +0 sling.
The goblin shoots a sling bullet.
The sling bullet hits you.
A goblin comes into view. It is wielding a +0 club.
The hobgoblin shouts!
The goblin shouts!
You hear a shout! x2
A goblin comes into view.
It is wielding a +0 club and quivering poisoned darts.
A goblin comes into view. It is wielding a +0 spear.
The goblin shoots a sling bullet.
The sling bullet barely misses you.
A goblin comes into view. It is wielding a +0 club.
A goblin comes into view. It is wielding a +0 dagger.
There are monsters nearby!
Robin of the Strong Arm comes into view.
They are wielding a +0 club and wearing a +2 helmet of see invisible.
Robin shouts!
The goblin shoots a sling bullet.
The sling bullet hits you.
The goblin shouts!
A goblin comes into view. It is wielding a +0 dagger.
Robin throws the goblin at you! The hobgoblin hits you with a +0 club.
The goblin barely misses you.
The goblin unwields a +0 sling.
The goblin wields a +0 club.
The goblin hits you with a +0 club. 😮 HP[-7]
You take 7 damage, and now have 18/25 hp.
MASSIVE DAMAGE!! (PAUSE) Robin roars a battlecry!
The goblins go into a battle-frenzy!
The hobgoblin hits you with a +0 club. The goblin hits you with a +0 club.
The goblin hits you from afar with a +0 spear!
* * * LOW HITPOINT WARNING * * *
The goblin unwields a +0 club.
The goblin wields a +0 sling.
The goblin shoots a sling bullet.
The sling bullet hits you.
* * * LOW HITPOINT WARNING * * *
The goblin hits you from afar with a +0 spear.
You die...

Action                     || total
---------------------------++-------
  Melee: Unarmed           ||    41
         Headbutt          ||     5
   Cast: Beastly Appendage ||    13
    Use: Scroll            ||     6
 Armour: Robe              ||     6
  Dodge: Dodged            ||    22

Levels and vault maps discovered:
D:1:      lightli_arrival_boilingwater, layout_basic
D:2:      layout_loops_ring, uniq_robin

Notes
Turn   | Place    | Note
-------+----------+-------------------------------------------
     0 | D:1      | kae the Naga Transmuter began the quest for the Orb.
     0 | D:1      | Reached XP level 1. HP: 18/18 MP: 3/3
     0 | D:1      | magus.rc [v1.11.3]
   187 | D:1      | Reached XP level 2. HP: 25/25 MP: 3/5
   209 | D:1      | You add the spells Vhi's Electric Charge, Arcjolt and
                  | Maxwell's Capacitive Coupling to your library.
   413 | D:1      | You pick up a book of Conjurations and begin reading...
   413 | D:1      | You add the spells Magic Dart, Searing Ray and Fulminant
                  | Prism to your library.
   413 | D:1      | You pick up a book of Burglary and begin reading...
   413 | D:1      | You add the spells Passwall, Ensorcelled Hibernation and
                  | Swiftness to your library.
   805 | D:2      | Learned a level 2 spell: Wereblood
   995 | D:2      | Noticed Robin
   997 | D:2      | HP: 5/25 [goblin/sling bullet[Robin] (2)]
   997 | D:2      | Slain by a goblin

Vanquished Creatures
  A dart slug (D:1)
  3 endoplasms (D:1)
  2 goblins (D:2)
  4 hobgoblins
  3 frilled lizards (D:1)
  2 kobolds (D:1)
  3 rats
18 creatures vanquished.

Table legend:
 A = Non-vault XP
 B = Vault XP
 C = Vault XP percentage of total XP
 D = Non-vault monster count
 E = Vault monster count
 F = Vault count percentage of total count
                 A         B        C        D         E       F
            +---------+---------+-------+---------+---------+-------
      Total |      25 |       6 |  19.4 |      15 |       3 |  16.7
            +---------+---------+-------+---------+---------+-------
        D:1 |      24 |       0 |   0.0 |      14 |       0 |   0.0
        D:2 |       1 |       6 |  85.7 |       1 |       3 |  75.0
            +---------+---------+-------+---------+---------+-------

Illustrated notes

Table legend:
 A = Kills in this place as a percentage of kills in entire the game.
 B = Kills by you in this place as a percentage of kills by you in the entire game.
 C = Kills by friends in this place as a percentage of kills by friends in the entire game.
 D = Other kills in this place as a percentage of other kills in the entire game.
 E = Experience gained in this place as a percentage of experience gained in the entire game.
 F = Experience gained in this place divided by the number of levels of this place that you have seen.
                   A       B       C       D       E      F
               +-------+-------+-------+-------+-------+----------------------
         Total | 100.0 | 100.0 |   N/A |   N/A | 100.0 |  15.5
       Dungeon | 100.0 | 100.0 |   N/A |   N/A | 100.0 |  15.5
               +-------+-------+-------+-------+-------+----------------------

Table legend: (Time is in decaauts)
 A = Elapsed time spent in this place.
 B = Non-inter-level travel time spent in this place.
 C = Inter-level travel time spent in this place.
 D = Time resting spent in this place.
 E = Time spent auto-exploring this place.
 F = Levels seen in this place.
 G = Mean time per level.
                   A        B        C        D        E       F      G
               +--------+--------+--------+--------+--------+-----+--------+
         Total |   1316 |   1288 |     28 |      0 |   1131 |   2 |  658.0 |
       Dungeon |   1316 |   1288 |     28 |      0 |   1131 |   2 |  658.0 |
               +--------+--------+--------+--------+--------+-----+--------+

Top non-repeatable levels by time:
     D:1: 1061 daAuts
     D:2: 255 daAuts
